 Dungeon Crawl Stone Soup version 0.27.1 (webtiles) character file.

Game seed: 2970383410311643122

109 MajorAdolf the Slasher (level 4, -3/58 HPs)
             Began as a Naga Wanderer on Sept 3, 2021.
             Slain by Grinder (5 damage)
             ... on level 3 of the Dungeon.
             The game lasted 00:03:00 (2463 turns).

MajorAdolf the Slasher (Naga Wanderer)              Turns: 2463, Time: 00:03:00

Health: -3/58      AC: 22    Str: 11    XL:     4   Next: 90%
Magic:  3/6        EV:  1    Int: 17    God:
Gold:   127        SH:  0    Dex: 10    Spells: 2/6 levels left

rFire    . . .     SeeInvis +   k - +1 mace (protect)
rCold    . . .     Faith    .   (no shield)
rNeg     + + +     Spirit   .   (armour currently unavailable)
rPois    +         Reflect  .   (helmet currently unavailable)
rElec    .         Harm     .   (cloak currently unavailable)
rCorr    .         Rampage  .   (gloves currently unavailable)
Will     .....     NoTele   +   (no barding)
Stlth    ++........             (no amulet)
HPRegen  0.19/turn              (no ring)
MPRegen  0.10/turn              (no ring)

@: tree-form
A: stationary, stasis, torment immunity, boosted hp, AC +1, large, see
invisible, (deformed body), (poison resistance), (slowness 2), spit poison 1,
(naga tail 1)
a: Spit Poison


You were on level 3 of the Dungeon.
You were a tree.
You visited 1 branch of the dungeon, and saw 3 of its levels.

You collected 127 gold pieces.

Inventory:

Hand Weapons
 a - a +0 falchion
 k - a +1 mace of protection (weapon)
Missiles
 d - 117 stones
Armour
 c - a +0 robe (melded)
Wands
 l - a wand of polymorph (6)
Scrolls
 f - a scroll of enchant armour {unknown}
 i - a scroll of teleportation {unknown}
Potions
 b - a potion of lignification
 e - 3 potions of curing {unknown}
 g - a potion of flight {unknown}
 h - 2 potions of haste {unknown}
 j - a potion of cancellation {unknown}


   Skills:
 - Level 2.0 Fighting
 - Level 3.0 Long Blades
 - Level 1.5 Stealth
 + Level 1.6 Spellcasting
 + Level 2.7 Conjurations
 - Level 1.0 Translocations
 + Level 3.0 Earth Magic
 - Level 1.0 Evocations


You had 2 spell levels left.
You knew the following spells:

 Your Spells              Type           Power      Damage    Failure   Level
a - Sandblast             Erth           22%        2d7       6%          1
b - Stone Arrow           Conj/Erth      22%        3d8       19%         3

Your spell library contained the following spells:

 Spells                   Type           Power      Damage    Failure   Level
 Passwall                 Tmut/Erth      5%         N/A       17%         2
 Corpse Rot               Necr/Air       N/A        N/A       30%         2
 Poisonous Vapours        Pois/Air       2%         N/A       30%         2
 Petrify                  Tmut/Erth      6%         N/A       73%         4
 Freezing Cloud           Conj/Ice/Air   2%         6-21      98%         5


Dungeon Overview and Level Annotations

Branches:
Dungeon (3/15)

Altars:
Xom

Annotations:
D:3 Grinder


Innate Abilities, Weirdness & Mutations

You are a tree.
Your roots penetrate the ground, keeping you stationary.
You cannot be teleported.
You are immune to unholy pain and torment.
Your maximum health is greatly increased.
Your equipment is partially melded.
((Your serpentine skin is tough. (AC +1)))
You have supernaturally acute eyesight. (SInv)
((Armour fits poorly on your strangely shaped body.))
((Your system is resistant to poisons. (rPois)))
((You cover ground very slowly.))
You can spit poison.
((You have a snake-like lower body.))


Message History

d - 118 stones Grinder gestures at you.
You struggle to resist.
Casting: Sandblast (safe; 6% risk of failure)
Confirm with . or Enter, or press ? or * to list all spells.
Aiming: Sandblast (safe; 6% risk of failure)
Press: ? - help, Shift-Dir - straight line, f/p - Grinder
Aim: Grinder (lightly wounded, 77% to hit)
The blast of sand hits Grinder.
Grinder is moderately wounded.
d - 117 stones Grinder gestures at you.
Pain shoots through your body!
Unknown command.
You barely miss Grinder.
Grinder is lightly wounded.
Grinder gestures at you. Pain shoots through your body!
You hit Grinder.
Your weapon exudes an aura of protection.
Grinder is moderately wounded.
Grinder hits you.
You writhe in agony.
* * * LOW HITPOINT WARNING * * *
You hit Grinder.
Grinder is heavily wounded.
Grinder closely misses you. Grinder hits you.
* * * LOW HITPOINT WARNING * * *
You writhe in agony.
* * * LOW HITPOINT WARNING * * *
Really quaff the potion of lignification?
You turn into a tree.
Your +0 robe melds into your body.
Your roots penetrate the ground.
Grinder completely misses you.
Unknown command.
You barely miss Grinder.
Grinder is heavily wounded.
Grinder hits you but does no damage.
You closely miss Grinder.
Grinder is heavily wounded.
Grinder hits you but does no damage. Grinder hits you.
You die...

#.# #.# #.# #.#
#######.#####.#
#..5..........# #.#####.#
##################.......#
................♣5........
####.....#########.#####..
..##.....# ###
..##.....### ..####......
..####...... ....)........
..####....[.. ..# .....


You could see Grinder.

Vanquished Creatures
  An orc wizard (D:3)
  3 adders (D:2)
  A worm (D:2)
  A dart slug (D:1)
  4 orcs (D:3)
  2 ball pythons (D:2)
  6 bats
  An endoplasm (D:2)
  3 giant cockroaches
  5 goblins
  10 hobgoblins
  A quokka (D:3)
  2 frilled lizards
  3 kobolds
  5 rats
48 creatures vanquished.

Notes
Turn   | Place    | Note
-------+----------+-------------------------------------------
     0 | D:1      | MajorAdolf the Naga Wanderer began the quest for the Orb.
     0 | D:1      | MajorAdolf set off with the following items: a +0 falchion,
                  | a potion of lignification, a +0 robe; and the following
                  | spell memorised: Sandblast; and the following spells
                  | available to memorise: Passwall, Stone Arrow, Petrify
     0 | D:1      | Reached XP level 1. HP: 19/19 MP: 2/2
   296 | D:1      | Reached skill level 1 in Conjurations
   296 | D:1      | Reached XP level 2. HP: 26/26 MP: 3/3
   928 | D:2      | Reached XP level 3. HP: 30/32 MP: 4/4
  1581 | D:2      | Learned a level 3 spell: Stone Arrow
  1967 | D:2      | Found a shimmering altar of Xom.
  1978 | D:2      | Reached XP level 4. HP: 36/39 MP: 5/5
  2448 | D:3      | Noticed Grinder
  2448 | D:3      | Paralysed by Grinder for 3 turns
  2460 | D:3      | HP: 1/39 [Grinder (4)]
  2463 | D:3      | Slain by Grinder

Illustrated notes

Levels and vault maps discovered:
D:1:      tarquinn_simple_flora_water_e, layout_basic, minmay_misc_feat_ornament
D:2:      layout_rooms, basic_altar
D:3:      layout_basic, basic_ecumenical_altar, uniq_grinder, uniq_robin,
          uniq_ijyb, uniq_crazy_yiuf_cottage

Skill      XL: |  1  2  3  4 |
---------------+-------------+-----
Conjurations   | 1 2 |  2.7
Earth Magic    | 2 3 |  3.0
Fighting       | |  2.0
Long Blades    | |  3.0
Stealth        | |  1.5
Spellcasting   | |  1.6
Translocations | |  1.0
Evocations     | |  1.0

Action                   |  1- 3 |  4- 6 || total
-------------------------+-------+-------++-------
Melee: Falchion          |    49 |       ||    49
       Mace              |     2 |    30 ||    32
 Cast: Sandblast         |     1 |     4 ||     5
 Abil: Spit Poison       |    27 |    10 ||    37
  Use: Potion            |       |     1 ||     1
Armor: Robe              |    10 |    12 ||    22
       Skin              |       |     2 ||     2
Dodge: Dodged            |    30 |    13 ||    43
       Rpst.: Falchion   |    10 |       ||    10
